[ AOE2 MATCH · #507893405 ]
UnrankedMongols vs Mongols
Player's team · WIN
Rival team · LOSS
[ REPLAY ANALYSIS · EXTRACTED FROM THE RECORDED GAME ]
Feudal
9:27
Castle
13:32
Imperial
—
| APM avg | 35.5 |
| APM peak | 58 |
| eAPM avg | 17.7 |
| Villagers / military | 20 / 8 |
Focus
⚔️ 23.8% · 🌾 76.2%
Steppe Lancer ×5 · Spearman ×3
Feudal
8:01
Castle
—
Imperial
—
| APM avg | 43.7 |
| APM peak | 70 |
| eAPM avg | 22.2 |
| Villagers / military | 38 / 10 |
Focus
⚔️ 42.1% · 🌾 57.9%
Archer ×5 · Scout Cavalry ×3 · Spearman ×2
Match map
Initial resources + every placement click. Lines = walls · curves = elevation contours. ◆ gold · ⬟ stone · ● berries · ✦ relic · ◌ wall gap
Your base· Open — 6t gap
bambolotto527's base· Open — unwalled flank
Smoothed initial terrain · ◌ = detected wall gap · hover for details
Inputs per minute
— MongolMania - - bambolotto527
Build order — MongolMania
54 actions detected in the replay
| 0:02 | Queue | Villager (Male) ×4 |
| 0:03 | Build | House |
| 0:06 | Build | House |
| 1:49 | Queue | Villager (Male) |
| 1:54 | Build | Lumber Camp |
| 2:12 | Queue | Villager (Male) |
| 2:32 | Queue | Villager (Male) |
| 3:07 | Queue | Villager (Male) |
| 3:08 | Queue | Villager (Male) |
| 3:32 | Build | House |
| 3:38 | Queue | Villager (Male) |
| 4:09 | Queue | Villager (Male) |
| 4:18 | Queue | Villager (Male) |
| 4:33 | Build | Mill |
| 4:37 | Queue | Villager (Male) |
| 4:52 | Queue | Villager (Male) |
| 4:52 | Queue | Villager (Male) |
| 4:52 | Queue | Villager (Male) |
| 5:43 | Queue | Villager (Male) |
| 5:44 | Research | Loom |
| 6:35 | Build | Barracks |
| 6:37 | Build | House |
| 6:42 | Build | House |
| 7:07 | Research | Feudal Age |
| 8:17 | Build | Palisade Wall |
| 8:18 | Build | Palisade Wall |
| 8:21 | Build | Palisade Wall |
| 8:38 | Build | House |
| 9:02 | Queue | Villager (Male) |
| 9:02 | Queue | Villager (Male) |
| 9:02 | Queue | Villager (Male) |
| 9:27 | Age | Feudal Age |
| 9:42 | Build | Market |
| 10:01 | Build | Palisade Wall |
| 10:02 | Build | Palisade Wall |
| 10:15 | Build | Blacksmith |
| 10:52 | Research | Castle Age |
| 11:26 | Build | Mining Camp |
| 11:42 | Queue | Spearman |
| 12:02 | Queue | Spearman |
| 12:02 | Queue | Spearman |
| 12:06 | Research | Double-Bit Axe |
| 12:42 | Build | House |
| 13:32 | Age | Castle Age |
| 13:56 | Build | Stable |
| 14:10 | Research | Scale Barding Armor |
| 14:27 | Queue | Steppe Lancer |
| 14:28 | Queue | Steppe Lancer |
| 14:45 | Queue | Steppe Lancer |
| 15:00 | Build | Lumber Camp |
| 15:09 | Queue | Steppe Lancer |
| 15:13 | Queue | Steppe Lancer |
| 15:38 | Build | House |
| 16:13 | Build | Mining Camp |
Build order — bambolotto527
101 actions detected in the replay
| 0:00 | Queue | Villager (Male) |
| 0:01 | Queue | Villager (Male) |
| 0:01 | Queue | Villager (Male) |
| 0:02 | Build | House |
| 0:04 | Build | House |
| 0:17 | Queue | Villager (Male) |
| 0:18 | Queue | Villager (Male) |
| 1:32 | Queue | Villager (Male) |
| 1:59 | Queue | Villager (Male) |
| 1:59 | Queue | Villager (Male) |
| 1:59 | Queue | Villager (Male) |
| 2:12 | Build | Lumber Camp |
| 2:21 | Queue | Villager (Male) |
| 2:21 | Queue | Villager (Male) |
| 2:53 | Queue | Villager (Male) |
| 2:55 | Queue | Villager (Male) |
| 2:55 | Queue | Villager (Male) |
| 3:16 | Queue | Villager (Male) |
| 3:24 | Build | House |
| 4:00 | Queue | Villager (Male) |
| 4:00 | Queue | Villager (Male) |
| 4:00 | Queue | Villager (Male) |
| 4:31 | Build | Mill |
| 4:39 | Queue | Villager (Male) |
| 5:45 | Research | Feudal Age |
| 6:22 | Build | Palisade Wall |
| 6:23 | Build | House |
| 6:52 | Queue | Villager (Male) |
| 6:55 | Build | Barracks |
| 7:00 | Build | Palisade Wall |
| 7:07 | Build | House |
| 7:22 | Build | Palisade Wall |
| 7:28 | Build | Palisade Wall |
| 7:53 | Queue | Villager (Male) |
| 8:01 | Age | Feudal Age |
| 8:05 | Build | Stable |
| 8:21 | Research | Double-Bit Axe |
| 8:34 | Queue | Villager (Male) |
| 8:53 | Queue | Scout Cavalry |
| 8:53 | Queue | Scout Cavalry |
| 9:03 | Research | Horse Collar |
| 9:03 | Research | Horse Collar |
| 9:07 | Queue | Villager (Male) |
| 9:08 | Queue | Villager (Male) |
| 9:10 | Build | Farm |
| 9:25 | Build | Watch Tower |
| 9:36 | Queue | Villager (Male) |
| 9:40 | Build | Farm |
| 9:52 | Build | Farm |
| 9:52 | Queue | Villager (Male) |
| 10:03 | Build | House |
| 10:05 | Build | House |
| 10:21 | Queue | Villager (Male) |
| 10:37 | Queue | Villager (Male) |
| 10:52 | Build | Watch Tower |
| 10:57 | Build | Palisade Wall |
| 11:00 | Build | Palisade Wall |
| 11:03 | Queue | Villager (Male) |
| 11:05 | Build | Archery Range |
| 11:19 | Build | House |
| 11:25 | Queue | Scout Cavalry |
| 11:30 | Build | Mining Camp |
| 11:32 | Queue | Villager (Male) |
| 11:51 | Queue | Archer |
| 11:52 | Queue | Spearman |
| 11:55 | Queue | Villager (Male) |
| 12:13 | Queue | Villager (Male) |
| 12:15 | Build | Farm |
| 12:20 | Queue | Archer |
| 12:34 | Queue | Villager (Male) |
| 12:39 | Build | Mining Camp |
| 12:56 | Queue | Villager (Male) |
| 13:01 | Queue | Archer |
| 13:17 | Build | Palisade Wall |
| 13:18 | Build | Palisade Wall |
| 13:35 | Queue | Villager (Male) |
| 13:38 | Build | Farm |
| 13:38 | Build | Farm |
| 13:42 | Build | Blacksmith |
| 13:43 | Build | Palisade Wall |
| 13:57 | Build | House |
| 13:57 | Queue | Villager (Male) |
| 14:03 | Queue | Archer |
| 14:06 | Research | Wheelbarrow |
| 14:06 | Research | Wheelbarrow |
| 14:07 | Research | Loom |
| 14:16 | Build | Watch Tower |
| 14:44 | Build | House |
| 14:45 | Build | House |
| 14:56 | Research | Fletching |
| 14:59 | Build | Farm |
| 15:17 | Queue | Villager (Male) |
| 15:20 | Build | Farm |
| 15:44 | Queue | Archer |
| 15:45 | Queue | Spearman |
| 16:05 | Build | Outpost |
| 16:05 | Research | Town Watch |
| 16:11 | Build | Mill |
| 16:12 | Build | Farm |
| 16:13 | Build | Farm |
| 16:21 | Queue | Villager (Male) |
Match timeline
| 6:22 | bambolotto527 · wall_segment Palisade Wall x1 |
| 6:35 | MongolMania · first_building Barracks |
| 6:55 | bambolotto527 · first_building Barracks |
| 7:00 | bambolotto527 · wall_segment Palisade Wall x2 |
| 7:22 | bambolotto527 · wall_segment Palisade Wall x1 |
| 7:28 | bambolotto527 · wall_segment Palisade Wall x1 |
| 8:01 | bambolotto527 · age_up feudal |
| 8:05 | bambolotto527 · first_building Stable |
| 8:17 | MongolMania · wall_segment Palisade Wall x2 |
| 8:18 | MongolMania · wall_segment Palisade Wall x1 |
| 8:21 | MongolMania · wall_segment Palisade Wall x4 |
| 9:27 | MongolMania · age_up feudal |
| 10:01 | MongolMania · wall_segment Palisade Wall x1 |
| 10:02 | MongolMania · wall_segment Palisade Wall x1 |
| 10:51 | MongolMania · first_market_sell 100 stone |
| 10:57 | bambolotto527 · wall_segment Palisade Wall x1 |
| 11:00 | bambolotto527 · wall_segment Palisade Wall x1 |
| 11:05 | bambolotto527 · first_building Archery Range |
| 13:17 | bambolotto527 · wall_segment Palisade Wall x1 |
| 13:18 | bambolotto527 · wall_segment Palisade Wall x1 |
| 13:32 | MongolMania · age_up castle |
| 13:43 | bambolotto527 · wall_segment Palisade Wall x1 |
| 13:56 | MongolMania · first_building Stable |
| 14:26 | MongolMania · first_market_buy 100 food |
| 16:32 | bambolotto527 · resign |
[ AI ANALYSIS · 1 CREDIT ]
What really happened in this match?
Wolo.gg analyzes every decision: build order, eco, micro, common mistakes by bracket. Personalized analysis on WhatsApp or Discord in 30 seconds.
Civ guide
Mongols
Perfil
Jugador #1331430